 Dungeon Crawl Stone Soup version 0.22-a0-447-gee5f723 (webtiles) character file.

1017 nikopol the Magician (level 8, 0/42 HPs)
             Began as a Deep Elf Fire Elementalist on June 3, 2018.
             Splashed by an oklob plant's acid (13 damage)
             ... on level 5 of the Dungeon.
             The game lasted 00:14:56 (5629 turns).

nikopol the Magician (Deep Elf Fire Elementalist)   Turns: 5629, Time: 00:14:57

Health: 0/42       AC: -5    Str:  5    XL:     8   Next: 2%
Magic:  9/19       EV: 13    Int: 23    God:
Gold:   240        SH:  5    Dex: 15    Spells: 4/19 levels left

rFire    . . .     SeeInvis .   o - +2 falchion (protect)
rCold    . . .     Gourm    .   l - +0 buckler
rNeg     . . .     Faith    .   a - +0 robe
rPois    .         Spirit   .   (no helmet)
rElec    .         Reflect  .   m - +0 cloak
rCorr    .         Harm     .   (no gloves)
MR       .....                  (no boots)
Stlth    ++........             (no amulet)
HPRegen  0.14/turn              (no ring)
MPRegen  0.16/turn              (no ring)

@: corroded, very slightly contaminated
A: no striking features
a: no special abilities


You were on level 5 of the Dungeon.
You were not hungry.

You visited 1 branch of the dungeon, and saw 5 of its levels.

You collected 240 gold pieces.

Inventory:

Hand Weapons
 o - a +2 falchion of protection (weapon)
Armour
 a - a +0 robe (worn)
 l - a +0 buckler (worn)
 m - a +0 cloak (worn)
Jewellery
 s - an uncursed amulet of faith
Wands
 q - a wand of iceblast (6)
Scrolls
 d - 4 scrolls of blinking {unknown}
 e - 3 scrolls of amnesia {unknown}
 f - 2 scrolls of enchant armour {unknown}
 n - 3 scrolls of teleportation {unknown}
 u - a scroll of immolation {unknown}
 v - 3 scrolls of remove curse {unknown}
 w - a scroll of fog {unknown}
Potions
 b - 4 potions of lignification
 h - 2 potions of heal wounds
 i - 3 potions of invisibility
 j - 3 potions of curing
 k - a potion of flight {unknown}
 p - a potion of brilliance {unknown}
 r - a potion of might {unknown}
Comestibles
 c - 4 rations


   Skills:
 + Level 0.5 Fighting
 + Level 1.6 Long Blades
 + Level 3.4 Dodging
 + Level 3.0 Stealth
 * Level 3.3 Shields
 + Level 6.4 Spellcasting
 + Level 4.2 Conjurations
 + Level 5.9 Fire Magic


You had 4 spell levels left.
You knew the following spells:

 Your Spells              Type           Power        Failure   Level  Hunger
a - Flame Tongue          Conj/Fire      ####.        1%          1    None
b - Throw Flame           Conj/Fire      ####..       1%          2    None
c - Conjure Flame         Conj/Fire      ####....     3%          3    #......
d - Sticky Flame          Conj/Fire      ####....     11%         4    ###....
e - Fireball              Conj/Fire      ####......   30%         5    #####..

Your spell library contained the following spells:

 Spells                   Type           Power        Failure   Level  Hunger
 Confuse                  Hex            #.......     26%         3    #......
 Spider Form              Tmut/Pois      #.........   26%         3    #......
 Blade Hands              Tmut           #.........   94%         5    #####..
 Ice Form                 Ice/Tmut       #.......     65%         4    ###....
 Confusing Touch          Hex            #.....       9%          1    None
 Sticks to Snakes         Tmut           #.......     13%         2    None
 Metabolic Englaciation   Hex/Ice        #.........   94%         5    #####..
 Petrify                  Tmut/Erth      #.......     65%         4    ###....
 Inner Flame              Hex/Fire       ###.....     8%          3    #......
 Beastly Appendage        Tmut           #.....       9%          1    None
 Gell's Gravitas          Tloc           #.........   26%         3    #......
 Yara's Violent Unravell  Hex/Tmut       #.........   94%         5    #####..


Dungeon Overview and Level Annotations

Branches:
Dungeon (5/15)
 Temple: D:4-7

Altars:
Cheibriados
Fedhas
Makhleb
Okawaru
Ru
Sif Muna
Uskayaw
Xom
Yredelemnul

Annotations:
D:5 exclusion: oklob plant


Message History

Aiming: Fireball (quite dangerous; 30% risk of failure)
Press: ? - help, Shift-Dir - straight line You miscast Fireball.
You are very lightly contaminated with residual magic.
Your hair stands on end.
The oklob plant spits acid at you. The splash of acid hits you!
The acid corrodes you!
You are splashed with acid!
The acid burns!
Casting: Fireball (quite dangerous; 30% risk of failure)
Confirm with . or Enter, or press ? or * to list all spells.
Aiming: Fireball (quite dangerous; 30% risk of failure)
Press: ? - help, Shift-Dir - straight line The fireball explodes!
The fireball engulfs the fungus.
You destroy the fungus!
The fireball engulfs the oklob plant.
The oklob plant is moderately damaged.
The oklob plant spits acid at you. The splash of acid hits you!
The acid corrodes you!
You are splashed with acid!
The acid burns!
You die...

#.P.≈≈≈≈≈≈≈≈≈≈≈.PPPP#
#######.≈≈≈≈...≈≈≈≈.PP.P#
........≈≈≈≈._......PP#P#
###.###.≈≈≈≈...≈≈≈≈.PP.##
#.##P.≈≈≈≈≈≈≈≈≈≈≈..P.P#
#.#PP..≈≈≈≈≈≈≈≈≈..PPPP#
#)#P.P..≈≈≈≈≈≈≈..#PPPP#
#.#..PP..≈≈≈≈≈..P#P.###
#.#P.P#P......@#PPP.P#
###.##PP.#PPP#P.#......P
....####.P#P##PP#.....PP
#####PPP##PPP#PPPP#P..#.
##


#P#PPPPP.#PP#PPP#P. .##################### # ..)..##...# ####.)..### ## #..###
You could see an oklob plant.

Vanquished Creatures
  The ghost of Sergey the Ruffian, an amateur VSSk (D:5)
  3 ogres
  2 scorpions (D:5)
  2 crimson imps (D:5)
  The ghost of Sergey the Charmwright, a weakling VSSk (D:4)
  2 hounds (D:4)
  Crazy Yiuf (D:2)
  Jessica (D:3)
  An iguana (D:4)
  4 worker ants
  2 hound skeletons (D:4)
  A worker ant zombie (D:5)
  Robin (D:2)
  3 gnolls (D:4)
  4 adders
  An ooze (D:4)
  An adder zombie (D:5)
  2 worms
  3 dart slugs
  4 leopard geckos
  3 orcs
  2 ball pythons (D:5)
  4 giant cockroaches
  16 hobgoblins
  5 jackals
  A quokka (D:3)
  9 bats
  6 frilled lizards
  13 goblins
  2 jackal skeletons (D:4)
  12 kobolds
  A quokka zombie (D:5)
  3 rats
  A spectral orc (D:2)
  7 fungi (D:5)
  A plant (D:5)
126 creatures vanquished.

Notes
Turn   | Place    | Note
-------+----------+-------------------------------------------
     0 | D:1      | nikopol the Deep Elf Fire Elementalist began the quest for the Orb.
     0 | D:1      | Reached XP level 1. HP: 10/10 MP: 6/6
   196 | D:1      | Reached XP level 2. HP: 15/15 MP: 6/8
   684 | D:1      | Reached XP level 3. HP: 17/19 MP: 3/10
   688 | D:1      | Learned a level 2 spell: Throw Flame
   692 | D:1      | Learned a level 3 spell: Conjure Flame
   943 | D:2      | Found a basalt altar of Yredelemnul.
   974 | D:2      | Found a runed door.
  1006 | D:2      | Noticed Crazy Yiuf
  1031 | D:2      | Killed Crazy Yiuf
  1109 | D:2      | Noticed Robin
  1129 | D:2      | Reached skill level 4 in Spellcasting
  1176 | D:2      | Killed Robin
  1176 | D:2      | Reached XP level 4. HP: 24/24 MP: 2/12
  1642 | D:2      | Found a hide-covered altar of Uskayaw.
  1642 | D:2      | Found a deep blue altar of Sif Muna.
  1643 | D:2      | Found a snail-covered altar of Cheibriados.
  1666 | D:2      | Found a burning altar of Makhleb.
  1932 | D:3      | Learned a level 4 spell: Sticky Flame
  2365 | D:3      | Found a shimmering altar of Xom.
  2369 | D:3      | Noticed Jessica
  2372 | D:3      | Killed Jessica
  2372 | D:3      | Reached XP level 5. HP: 28/28 MP: 9/13
  2928 | D:4      | Reached skill level 1 in Shields
  3018 | D:4      | Found an iron altar of Okawaru.
  3206 | D:4      | Noticed an ogre
  3211 | D:4      | Killed an ogre
  3211 | D:4      | Reached skill level 5 in Spellcasting
  3211 | D:4      | Reached skill level 5 in Fire Magic
  3211 | D:4      | Reached XP level 6. HP: 32/32 MP: 8/15
  3218 | D:4      | Learned a level 5 spell: Fireball
  3789 | D:4      | Noticed Sergey's ghost (weakling VSSk)
  3839 | D:4      | Killed Sergey's ghost
  3839 | D:4      | Reached XP level 7. HP: 36/36 MP: 6/17
  4056 | D:5      | Entered Level 5 of the Dungeon
  4073 | D:5      | Reached skill level 6 in Spellcasting
  4224 | D:5      | Noticed Sergey's ghost (amateur VSSk)
  4263 | D:5      | Killed Sergey's ghost
  4757 | D:5      | Reached skill level 1 in Long Blades
  4829 | D:5      | Found a sacrificial altar of Ru.
  5154 | D:5      | Reached XP level 8. HP: 41/42 MP: 13/19
  5223 | D:5      | Found a blossoming altar of Fedhas.
  5238 | D:5      | Noticed an oklob plant
  5629 | D:5      | Splashed by an oklob plant's acid

Vault maps used:
D:1:      tarquinn_simple_flora_water_d
D:2:      old_standard_altar, yredelemnul_forgotten_temple_becter,
          gammafunk_temple_overflow_forgotten, first_ration, uniq_robin,
          uniq_crazy_yiuf_cottage
D:3:      lemuel_crystal_altar, uniq_jessica
D:4:      okawaru_trees_1
D:5:      tgw_fedhas, nicolae_ru_great_annihilating_truth

Skill      XL: |  1  2  3  4  5  6  7 |
---------------+----------------------+-----
Fire Magic     | 4 5 |  5.9
Spellcasting   | 4 5 6 |  6.4
Conjurations   | 2 3 4 |  4.2
Shields        | 1 2 3 |  3.3
Stealth        | 3 |  3.0
Dodging        | 3 |  3.4
Long Blades    | 1 |  1.6
Fighting       | |  0.5

Action                   |  1- 3 |  4- 6 |  7- 9 || total
-------------------------+-------+-------+-------++-------
Melee: Falchion          |       |       |   165 ||   165
 Cast: Flame Tongue      |    64 |   131 |    52 ||   247
       Conjure Flame     |     1 |     1 |     2 ||     4
       Sticky Flame      |       |     2 |     1 ||     3
       Throw Flame       |       |     1 |     3 ||     4
       Fireball          |       |       |     8 ||     8
  Use: Scroll            |       |       |     6 ||     6
  Eat: Chunk             |     1 |     8 |     3 ||    12
       Ration            |       |       |     2 ||     2
Armor: Robe              |     2 |     5 |    50 ||    57
Dodge: Dodged            |     8 |    23 |   107 ||   138
Block: Buckler           |       |     7 |    23 ||    30
       Rpst.: Falchion   |       |     2 |    43 ||    45

Table legend:
 A = Spawn XP
 B = Non-spawn XP
 C = Spawn XP percentage of total XP
 D = Spawn monster count
 E = Non-spawn monster count
 F = Spawn count percentage of total count
 G = Total turns spent on level
                    A         B        C        D         E        F      G
               +---------+---------+-------+---------+---------+-------+---------
         Total |       0 |    1454 |   0.0 |       0 |     118 |   0.0 |  5629
               +---------+---------+-------+---------+---------+-------+---------
           D:1 |       0 |      44 |   0.0 |       0 |      27 |   0.0 |   810
           D:2 |       0 |     101 |   0.0 |       0 |      26 |   0.0 |  1025
           D:3 |       0 |      87 |   0.0 |       0 |      20 |   0.0 |  1062
           D:4 |       0 |     526 |   0.0 |       0 |      25 |   0.0 |  1162
           D:5 |       0 |     696 |   0.0 |       0 |      20 |   0.0 |  1570
               +---------+---------+-------+---------+---------+-------+---------
